 Dungeon Crawl Stone Soup version 0.26-a0-20-g5f92b90fa0 (webtiles) character file.

Game seed: 858261113001034592, levelgen mode: deterministic

266 MisterFreud the Skirmisher (level 6, -8/43 HPs)
             Began as an Octopode Gladiator on May 25, 2020.
             Mangled by a two-headed ogre
             ... wielding a +0 dire flail
              (12 damage)
             ... on level 4 of the Dungeon.
             The game lasted 00:04:32 (3699 turns).

MisterFreud the Skirmisher (Octopode Gladiator)     Turns: 3699, Time: 00:04:33

Health: -8/43      AC:  1    Str: 13    XL:     6   Next: 20%
Magic:  7/7        EV: 12    Int: 12    God:
Gold:   211        SH:  9    Dex: 14    Spells: 5/5 levels left

rFire    . . .     SeeInvis .   a - +0 long sword
rCold    . . .     Gourm    .   i - +0 kite shield (curse)
rNeg     . . .     Faith    .   b - +0 hat
rPois    .         Spirit   .   (no amulet)
rElec    .         Reflect  .   (no ring)
rCorr    .         Harm     .   (no ring)
MR       .....                  (no ring)
Stlth    ++........             (no ring)
HPRegen  0.14/turn              (no ring)
MPRegen  0.10/turn              (no ring)
                                (no ring)
                                (no ring)

@: no status effects
A: almost no armour, stealthy swim, amphibious, 8 rings, constrict 8, camouflage
1, gelatinous body 1
a: no special abilities


You were on level 4 of the Dungeon.
You were not hungry.

You visited 1 branch of the dungeon, and saw 4 of its levels.

You collected 211 gold pieces.

Inventory:

Hand Weapons
 a - a +0 long sword (weapon)
Missiles
 c - 3 throwing nets
 u - 4 atropa-tipped darts (quivered)
Armour
 b - a +0 hat (worn)
 i - a cursed +0 kite shield (worn)
Jewellery
 w - an uncursed ring of ice {unknown}
Wands
 t - a wand of acid (4)
 v - a wand of disintegration (9)
Scrolls
 f - 2 scrolls of identify
 g - 4 scrolls of teleportation {unknown}
 h - a scroll of remove curse {unknown}
 m - a scroll of immolation {unknown}
 o - a scroll of noise {unknown}
 q - a scroll of magic mapping {unknown}
 r - a scroll of random uselessness {unknown}
Potions
 e - a potion of might
 j - 2 potions of resistance
 k - a potion of lignification
 l - 2 potions of berserk rage
 p - a potion of curing
 s - a potion of heal wounds
Comestibles
 d - 9 rations
 n - 2 chunks of flesh


   Skills:
 - Level 4.0 Fighting
 + Level 3.9 Long Blades
 - Level 2.0 Throwing
 - Level 3.0 Dodging
 + Level 3.4 Shields
 + Level 1.7 Evocations


You had 5 spell levels left.
You didn't know any spells.
Your spell library was empty.

Dungeon Overview and Level Annotations

Branches:
Dungeon (4/15)
 Temple: D:4-7

Altars:
Elyvilon
Okawaru


Innate Abilities, Weirdness & Mutations

You cannot wear most types of armour.
You are very stealthy in the water. (Stealth+)
You are amphibious.
You can wear up to eight rings at the same time.
You can use your tentacles to constrict eight enemies at once.
Your skin changes colour to match your surroundings (Stealth+).
Your rubbery body absorbs attacks. (AC +1, EV +1)


Message History

Aim: a two-headed ogre, wielding a +0 dire flail and a -3 giant club (moderately wounded, covered in acid, chance to defeat MR: 56%)
The two-headed ogre is blasted!
The two-headed ogre barely misses you. You block the two-headed ogre's attack.
Evoke which item? (* to show all) (? for menu, Esc to quit)
Aiming: Disintegrate
Press: ? - help, Shift-Dir - straight line, f/p - two-headed ogre
Aim: a two-headed ogre, wielding a +0 dire flail and a -3 giant club (heavily wounded, covered in acid, chance to defeat MR: 56%)
The two-headed ogre resists with significant effort.
The two-headed ogre misses you.
The two-headed ogre hits you with a cursed -3 giant club!!
Evoke which item? (* to show all) (? for menu, Esc to quit)
Aiming: Disintegrate
Press: ? - help, Shift-Dir - straight line, f/p - two-headed ogre
Aim: a two-headed ogre, wielding a +0 dire flail and a -3 giant club (heavily wounded, covered in acid, chance to defeat MR: 56%)
The two-headed ogre is blasted!
A frilled lizard comes into view.
The two-headed ogre hits you with a +0 dire flail!!
* * * LOW HITPOINT WARNING * * *
The two-headed ogre hits you with a cursed -3 giant club!
You die...

..............#+####...........##
......... ............#+##.....#
.....#+## .........#..#.....#
.....# .........'..#.....# .....#
.........#..#.....# .....#
.#####+###..# ..... .⌠#+##
#...'..'...# +...#..#####
#.@##### #.O# #..l +.... ##+###


You could see a two-headed ogre (corroded) and a frilled lizard (wandering).

Vanquished Creatures
  A howler monkey (D:4)
  A jelly (D:2)
  An iguana (D:4)
  An orc wizard (D:3)
  3 adders
  3 worms
  6 dart slugs
  4 leopard geckos
  7 orcs
  A ball python (D:2)
  8 bats
  4 giant cockroaches
  15 goblins
  10 hobgoblins
  3 jackals (D:1)
  A quokka (D:3)
  5 frilled lizards
  7 kobolds
  6 rats
87 creatures vanquished.

Notes
Turn   | Place    | Note
-------+----------+-------------------------------------------
     0 | D:1      | MisterFreud the Octopode Gladiator began the quest for the
                  | Orb.
     0 | D:1      | Reached XP level 1. HP: 14/14 MP: 1/1
   204 | D:1      | Reached XP level 2. HP: 20/20 MP: 2/2
   326 | D:1      | Reached skill level 3 in Fighting
   862 | D:2      | Reached XP level 3. HP: 20/26 MP: 3/3
   972 | D:2      | Reached skill level 1 in Shields
  1258 | D:2      | Reached XP level 4. HP: 33/33 MP: 4/4
  1271 | D:2      | Found a white marble altar of Elyvilon.
  1472 | D:2      | Reached skill level 4 in Fighting
  2151 | D:3      | Reached XP level 5. HP: 11/37 MP: 5/5
  2660 | D:3      | Found an iron altar of Okawaru.
  3340 | D:4      | Reached skill level 1 in Evocations
  3340 | D:4      | Reached XP level 6. HP: 38/43 MP: 5/7
  3695 | D:4      | Noticed a two-headed ogre
  3699 | D:4      | Mangled by a two-headed ogre

Illustrated notes

Levels and vault maps discovered:
D:1:      giann_forest_graveyard, layout_basic, feat_on_display
D:2:      layout_rooms, overflow_temple_1_default
D:3:      layout_loops_ring, kennysheep_okawaru_gauntlet, first_ration
D:4:      layout_gridville, minmay_misc_feat_nine_boxes,
          nemelex_xobeh_ov_fountains_minmay

Skill      XL: |  1  2  3  4  5 |
---------------+----------------+-----
Fighting       | 3 4 |  4.0
Shields        | 1 2 3 |  3.4
Evocations     | 1 |  1.7
Long Blades    | |  3.9
Throwing       | |  2.0
Dodging        | |  3.0

Action                   |  1- 3 |  4- 6 || total
-------------------------+-------+-------++-------
Melee: Long sword        |    52 |    97 ||   149
       Constrict         |    20 |    30 ||    50
       Tentacles         |     9 |    22 ||    31
Evoke: Wand              |       |     4 ||     4
  Use: Scroll            |       |     5 ||     5
       Potion            |       |     1 ||     1
 Stab: Sleeping          |     2 |    11 ||    13
  Eat: Chunk             |     1 |     8 ||     9
Armor: Skin              |     3 |     6 ||     9
Dodge: Dodged            |    31 |    43 ||    74
Block: Kite shield       |    15 |    32 ||    47
       Rpst.: Long sword |     8 |    14 ||    22

Table legend:
 A = Non-vault XP
 B = Vault XP
 C = Vault XP percentage of total XP
 D = Non-vault monster count
 E = Vault monster count
 F = Vault count percentage of total count
                 A         B        C        D         E       F
            +---------+---------+-------+---------+---------+-------
      Total |     377 |       3 |   0.8 |      85 |       2 |   2.3
            +---------+---------+-------+---------+---------+-------
        D:1 |      30 |       0 |   0.0 |      17 |       0 |   0.0
        D:2 |     116 |       0 |   0.0 |      31 |       0 |   0.0
        D:3 |     102 |       3 |   2.9 |      27 |       2 |   6.9
        D:4 |     129 |       0 |   0.0 |      10 |       0 |   0.0
            +---------+---------+-------+---------+---------+-------
